Map: Dusk Towers

Players

LindyHop - Winner!

  • Race: Zerg Zerg
  • League: Platinum

PsiMatrix

  • Race: Protoss Protoss
  • League: Diamond

VOD

Have the link to the VOD?

Description

Time

  • Played on: Jan. 14, 2016, 8:03 p.m.
  • Length: 20:47
Show
View Real Time Build Order
Export as new Build Order

LindyHop Zerg - Winner!

Build Orders: Hatch First 

Get SALT Encoding   

  12  0:01  Drone  
  13  0:12  Overlord  
  13  0:17  Drone  
  14  0:30  Drone x2  
  14  0:34  Drone  
  17  0:59  Hatchery, Drone  
  17  1:16  Spawning Pool  
  17  1:17  Drone  
  17  1:18  Drone  
  18  1:23  Extractor  
  18  1:24  Drone  
  18  1:30  Drone  
  19  1:41  Overlord  
  19  2:06  Hatchery  
  19  2:08  Queen  
  20  2:15  Zergling x2  
  21  2:26  Metabolic Boost, Drone  
  21  2:28  Drone  
  23  2:37  Queen  
  25  2:50  Zergling x2  
  26  2:51  Drone x2  
  28  3:08  Zergling x4  
  28  3:10  Overlord  
  30  3:13  Drone x3  
  33  3:24  Drone x4  
  37  3:32  Drone x2  
  39  3:38  Drone x2  
  41  3:41  Overlord  
  41  3:50  Roach Warren  
  41  3:54  Lair  
  40  4:00  Evolution Chamber  
  39  4:06  Drone  
  39  4:07  Drone x3  
  43  4:11  Pneumatized Carapace  
  43  4:13  Drone  
  44  4:22  Drone x4  
  44  4:23  Drone  
  49  4:32  Extractor  
  49  4:33  Drone x5, Extractor  
  49  4:34  Extractor  
  49  4:36  Extractor  
  49  4:37  Drone, Extractor  
  50  4:43  Queen  
  52  4:55  Drone x3  
  55  5:05  Overlord x2  
  55  5:06  Spire, Overseer  
  53  5:23  Overlord  
  53  5:28  Overseer  
  53  5:40  Hatchery  
  53  5:41  Drone  
  53  5:42  Drone x2  
  55  5:43  Drone x3  
  55  5:44  Drone x4  
  62  5:50  Zerg Ground Armor Level 1  
  62  5:59  Spore Crawler  
  62  6:03  Spore Crawler  
  60  6:08  Spore Crawler  
  60  6:09  Drone x2  
  60  6:10  Drone x2  
  63  6:17  Mutalisk x7  
  77  6:22  Overlord  
  77  6:25  Queen  
  77  6:28  Zerg Flyer Weapons Level 1  
  79  6:35  Mutalisk  
  79  6:38  Overlord  
  79  6:39  Overlord  
  81  6:41  Queen  
  83  6:56  Mutalisk  
  83  6:57  Mutalisk x3  
  91  7:17  Zergling x2  
  91  7:18  Zergling x4  
  91  7:21  Zergling x6  
  91  7:22  Zergling x2  
  96  7:29  Drone x4  
  93  7:30  Drone  
  93  7:33  Drone x3  
  93  7:34  Drone x6  
  97  7:40  Drone x3  
  100  7:52  Drone x4  
  104  8:02  Spine Crawler  
  103  8:05  Spine Crawler  
  102  8:15  Infestation Pit  
  101  8:22  Hydralisk Den  
  101  8:24  Mutalisk x5  
  101  8:26  Overlord x3  
  110  8:39  Overlord x2  
  110  8:40  Overlord x3  
  110  8:44  Zerg Missile Weapons Level 1  
  108  9:04  Hive  
  108  9:11  Drone  
  108  9:12  Drone x5  
  108  9:15  Extractor  
  113  9:17  Extractor  
  113  9:23  Muscular Augments  
  112  9:26  Evolution Chamber  
  111  9:34  Spore Crawler  
  111  9:35  Drone x3, Spine Crawler  
  111  9:36  Drone x3  
  111  9:37  Hatchery, Drone x5  
  111  9:38  Overlord x3  
  119  10:07  Queen  
  121  10:38  Hydralisk x4  
  121  10:39  Viper, Hydralisk x4  
  121  10:40  Viper x7  
  121  10:41  Viper, Hydralisk x2  
  121  10:42  Hydralisk  
  170  11:02  Zerg Ground Armor Level 2  
  170  11:03  Zerg Missile Weapons Level 2  
  181  11:36  Corruptor x4  
  181  11:37  Corruptor x3  
  193  11:51  Hydralisk x3  
  197  12:17  Zergling x2  
  197  12:18  Zergling x2  
  199  12:41  Burrow  
  198  13:01  Zergling x2  
  199  13:28  Hatchery  
  142  14:34  Hydralisk  
  142  14:35  Hydralisk x16  
  162  14:47  Zerg Ground Armor Level 3  
  162  14:48  Zerg Missile Weapons Level 3  
  162  14:53  Hydralisk  
  162  14:54  Hydralisk x5  
  162  15:18  Hydralisk  
  162  15:19  Hydralisk x17  
  162  15:20  Hydralisk  
  200  15:27  Hatchery, Greater Spire  
  194  15:50  Zergling x10  
  197  16:09  Spine Crawler  
  197  16:10  Spine Crawler  
  197  16:11  Spine Crawler x2  
  191  16:12  Spore Crawler  
  191  16:13  Drone x5, Extractor  
  191  16:15  Extractor  
  193  16:19  Spine Crawler  
  193  16:24  Spine Crawler  
  191  16:25  Spine Crawler  
  191  16:26  Zergling x8  
  194  16:40  Brood Lord x3  
  194  16:41  Hatchery  
  194  16:43  Hatchery  
  171  17:07  Hydralisk  
  171  17:08  Hydralisk x12  
  143  17:09  Hydralisk x8  
  172  17:21  Brood Lord  
  172  17:22  Brood Lord x2  
  177  17:23  Zergling x2  
  177  17:24  Zergling x10  
  161  17:31  Zergling x2  
  136  17:38  Zergling x10  
  136  17:42  Zergling x2  
  128  17:45  Zergling x2  
  128  17:50  Zergling x2  
  128  17:51  Zergling x4  
  125  17:52  Zergling x2  
  125  17:53  Zergling x8  
  128  17:59  Hatchery  
  128  18:02  Corruptor  
  128  18:03  Corruptor x5  
  138  18:14  Corruptor x5  
  148  18:22  Zergling x10  
  152  18:30  Adrenal Glands  
  152  18:37  Spine Crawler  
  152  18:40  Spore Crawler  
  150  18:41  Spine Crawler  
  157  18:48  Brood Lord x2  
  157  18:49  Brood Lord x2  
  157  18:50  Corruptor, Hydralisk  
  157  18:51  Corruptor x7  
  157  18:52  Extractor  
  157  18:55  Zergling x8  
  177  18:56  Extractor  
  174  19:35  Hydralisk  
  174  19:36  Hydralisk x8  
  164  19:53  Zergling x14  
  164  19:54  Zergling x22  
  171  20:02  Zergling x12  
  171  20:04  Zergling x2  
  176  20:15  Overseer x4  
  176  20:26  Zergling x2  
  176  20:27  Zergling x20  
  176  20:28  Zergling x2  
Show
View Real Time Build Order
Export as new Build Order

PsiMatrix Protoss 

Build Orders: 1 Gate Expand 

Get SALT Encoding   

  12  0:02  Probe (Chrono Boost)  
  13  0:12  Probe (Chrono Boost)  
  14  0:19  Pylon  
  14  0:23  Probe (Chrono Boost)  
  15  0:38  Probe (Chrono Boost)  
  15  0:40  Gateway  
  16  0:48  Probe (Chrono Boost)  
  17  0:59  Probe (Chrono Boost)  
  18  1:09  Probe (Chrono Boost)  
  19  1:20  Probe (Chrono Boost)  
  19  1:23  Nexus  
  20  1:28  Zealot  
  22  1:37  Pylon  
  23  1:40  Probe (Chrono Boost)  
  23  1:56  Probe (Chrono Boost)  
  23  1:58  Zealot  
  26  2:05  Cybernetics Core  
  26  2:09  Pylon  
  26  2:13  Assimilator  
  26  2:15  Assimilator  
  26  2:17  Probe (Chrono Boost)  
  27  2:25  Zealot  
  29  2:33  Forge  
  29  2:38  Probe (Chrono Boost)  
  30  2:49  Probe (Chrono Boost)  
  31  2:51  Gateway  
  31  2:56  Pylon  
  31  2:59  Probe (Chrono Boost)  
  32  3:12  Mothership Core (Chrono Boost)  
  34  3:14  Probe (Chrono Boost)  
  35  3:24  Gateway  
  35  3:28  Gateway  
  35  3:32  Probe x2 (Chrono Boost)  
  37  3:41  Photon Cannon  
  37  3:42  Probe x2 (Chrono Boost)  
  39  3:53  Twilight Council, Probe x2 (Chrono Boost)  
  41  3:59  Protoss Ground Weapons Level 1  
  41  4:14  Nexus  
  41  4:22  Warp Gate  
  41  4:27  Probe x2 (Chrono Boost)  
  41  4:30  Charge  
  43  4:37  Probe x2 (Chrono Boost)  
  45  4:48  Probe x2 (Chrono Boost)  
  45  4:50  Robotics Facility  
  47  4:52  Pylon  
  47  4:58  Probe x2 (Chrono Boost)  
  49  5:09  Probe x2 (Chrono Boost)  
  51  5:19  Probe x2 (Chrono Boost)  
  54  5:28  Probe (Chrono Boost)  
  54  5:30  Probe x2 (Chrono Boost)  
  54  5:33  Gateway x2  
  56  5:37  Gateway, Warp Prism (Chrono Boost)  
  56  5:40  Gateway  
  56  5:42  Gateway  
  58  5:47  Gateway  
  58  5:51  Probe x3 (Chrono Boost)  
  61  5:58  Pylon  
  61  5:59  Pylon  
  61  6:00  Probe x2 (Chrono Boost)  
  61  6:02  Probe  
  61  6:03  Protoss Ground Weapons Level 2 (Chrono Boost)  
  64  6:12  Observer (Chrono Boost)  
  65  6:29  Zealot  
  65  6:30  Zealot  
  69  6:41  Probe x2  
  69  6:42  Probe  
  72  6:47  Assimilator  
  72  6:51  Assimilator  
  72  7:00  Templar Archives  
  72  7:02  Probe  
  72  7:03  Probe x2, Pylon  
  72  7:06  Assimilator  
  75  7:09  Pylon  
  75  7:10  Assimilator  
  75  7:20  Probe  
  75  7:21  Probe  
  75  7:22  Stalker x3  
  79  7:23  Stalker x3  
  87  7:34  Photon Cannon  
  78  7:37  Probe x2, Photon Cannon  
  78  7:40  Photon Cannon  
  78  7:41  Photon Cannon  
  78  7:42  Pylon  
  80  7:44  Photon Cannon  
  80  7:46  Photon Cannon  
  80  7:54  Photon Cannon  
  80  7:59  Photon Cannon  
  80  8:02  Photon Cannon  
  80  8:04  Photon Cannon  
  80  8:05  Pylon  
  80  8:07  Probe  
  80  8:08  Probe x2  
  80  8:09  Pylon  
  80  8:12  Photon Cannon  
  83  8:14  Pylon  
  83  8:17  High Templar x4  
  91  8:21  Archon x2  
  91  8:30  Protoss Ground Weapons Level 3 (Chrono Boost)  
  90  8:35  Stalker x2  
  93  8:52  Pylon x2  
  93  8:54  Photon Cannon  
  92  8:56  Photon Cannon  
  92  8:57  Photon Cannon  
  90  9:25  Probe, Pylon  
  90  9:26  Photon Cannon  
  90  9:27  Probe x2  
  93  9:31  High Templar  
  93  9:32  High Templar x5  
  93  9:36  Probe  
  106  9:39  Probe  
  106  9:50  Stalker x3  
  106  9:51  Pylon  
  110  9:55  Archon x3  
  110  9:59  Assimilator  
  110  10:01  Photon Cannon  
  110  10:03  Photon Cannon  
  110  10:06  Photon Cannon  
  110  10:07  Nexus  
  110  10:10  Pylon, High Templar x3  
  110  10:11  Pylon  
  110  10:13  Immortal, Zealot x6  
  110  10:14  Zealot  
  134  10:21  Archon  
  134  10:27  Robotics Facility  
  133  10:30  Pylon  
  133  10:50  Observer  
  134  10:58  Nexus  
  134  11:01  Pylon x2  
  134  11:03  Pylon  
  134  11:10  Immortal  
  134  11:15  Immortal  
  134  11:18  Pylon, Protoss Ground Armor Level 1 (Chrono Boost)  
  139  11:27  Stalker x3  
  139  11:28  Stalker  
  138  11:34  Probe x2  
  140  11:40  Stalker x3  
  140  11:41  Stalker x2, Probe  
  140  11:46  Probe  
  142  11:55  Probe  
  142  11:56  Probe  
  144  12:06  Stalker x2  
  144  12:07  Stalker x3  
  152  12:24  Immortal  
  152  12:26  Zealot x4  
  152  12:27  Zealot  
  152  12:29  Immortal  
  170  12:36  Probe x2, Pylon  
  171  12:53  Stalker x6  
  183  12:58  Immortal  
  183  12:59  Nexus  
  183  13:01  Pylon  
  187  13:09  Immortal  
  187  13:11  Assimilator  
  191  13:16  Assimilator  
  191  13:19  Photon Cannon  
  191  13:21  Photon Cannon x2  
  191  13:25  Photon Cannon  
  191  13:30  Assimilator  
  191  13:34  Assimilator  
  191  13:36  Stargate x2  
  191  13:38  Probe x2  
  193  13:42  Probe x2  
  195  13:56  Probe x2  
  197  14:04  Stargate  
  196  14:18  Photon Cannon  
  196  14:21  Pylon  
  196  14:23  High Templar x3  
  196  14:24  High Templar  
  172  14:34  Archon  
  172  14:35  Archon  
  172  14:40  High Templar  
  176  14:45  Probe x2  
  176  14:47  Probe x2  
  178  14:53  Protoss Ground Armor Level 2 (Chrono Boost)  
  178  14:54  Zealot x3  
  178  14:55  Zealot x2  
  178  14:58  Observer  
  188  15:04  Immortal  
  193  15:15  High Templar x3  
  193  15:20  Archon  
  193  15:21  Archon  
  199  15:44  Nexus  
  199  15:45  Warp Prism  
  199  15:46  Pylon  
  199  15:48  Pylon  
  189  15:50  Photon Cannon  
  189  15:52  Photon Cannon  
  189  15:54  Photon Cannon  
  179  15:58  Pylon  
  179  16:00  Dark Shrine, Pylon  
  179  16:07  Void Ray x3  
  179  16:08  Fleet Beacon  
  191  16:16  Warp Prism  
  193  16:19  Observer  
  193  16:24  Photon Cannon  
  194  16:25  Photon Cannon  
  194  16:26  Photon Cannon  
  194  16:27  Photon Cannon  
  194  16:28  Photon Cannon  
  194  16:43  Protoss Air Weapons Level 1  
  194  16:50  Void Ray  
  188  16:54  Cybernetics Core  
  153  17:05  Stalker x5  
  153  17:06  Stalker x2  
  156  17:10  Warp Prism  
  136  17:16  Immortal  
  140  17:27  Stalker x3  
  140  17:28  Stalker x3  
  130  17:40  Stalker  
  130  17:41  Stalker  
  130  17:44  Void Ray x2  
  126  17:51  Zealot x3  
  91  18:03  High Templar x2  
  91  18:04  High Templar x5  
  99  18:12  Archon  
  91  18:13  Archon x2  
  91  18:17  High Templar  
  93  18:20  Probe  
  93  18:22  Probe  
  93  18:26  Archon  
  95  18:31  Zealot x2  
  95  18:41  Zealot x3  
  95  18:42  Zealot x3  
  95  18:43  High Templar  
  95  18:44  Gateway x2  
  109  19:03  Void Ray  
  109  19:04  High Templar  
  109  19:05  High Templar x2  
  109  19:06  High Templar  
  109  19:09  High Templar x2  
  125  19:11  Archon x2  
  125  19:12  Archon  
  125  19:14  High Templar  
  125  19:15  Zealot  
  129  19:18  Observer  
  129  19:19  Archon  
  130  19:30  Dark Templar x2  
  134  19:41  Dark Templar x2  
  134  19:42  Zealot x2  
  104  19:56  Dark Templar  
  104  19:57  Dark Templar  
  104  19:59  Void Ray  
  75  20:38  Zealot x5  
  75  20:39  Zealot  
Tags
 
Add a new tag
Caveats
  • Supply blocks, unpowered buildings, or Contaminate may cause inaccurate times.
  • Supply counts are checked every 10 seconds.